 Dungeon Crawl Stone Soup version 0.19.1 (webtiles) character file.

43813 tognito the Warrior (level 13, -5/130 HPs)
             Began as a Minotaur Berserker on Dec 11, 2016.
             Was an Elder of Trog.
             Slain by Trampli's ghost (25 damage)
             ... on level 15 of the Dungeon.
             The game lasted 00:42:00 (16081 turns).

tognito the Warrior (Minotaur Berserker)           Turns: 16081, Time: 00:42:01

Health: -5/130     AC: 21    Str: 28    XL:     13   Next: 92%
Magic:  0/12       EV: 17    Int:  4    God:    Trog [****..]
Gold:   1011       SH:  0    Dex:  9    Spells: 0 memorised, 12 levels left

rFire  x . .     SeeInvis .     a - +5 battleaxe
rCold  + + .     Gourm    .     X - +1 plate armour {rC+}
rNeg   . . .     Faith    .     (shield currently unavailable)
rPois  .         Spirit   +     (helmet restricted)
rElec  .         Reflect  .     G - +1 cloak {MR+}
rCorr  .         Harm     .     i - +1 pair of gloves
MR     +....                    (no boots)
Stlth  ..........               s - amulet of guardian spirit
                                K - +5 ring of evasion
                                k - ring of ice

@: exhausted, slowed, very slow
A: retaliatory headbutt, horns 2
a: Berserk, Trog's Hand, Brothers in Arms, Burn Spellbooks, Renounce Religion


You were on level 15 of the Dungeon.
You worshipped Trog.
Trog was greatly pleased with you.
You were not hungry.

You visited 1 branch of the dungeon, and saw 15 of its levels.
You also visited: Ossuary.

You collected 1011 gold pieces.

Inventory:

Hand Weapons
 a - a +5 battleaxe (weapon)
 b - a +1 hand crossbow of freezing
 P - a +4 vampiric broad axe
Missiles
 q - 135 bolts
Armour
 i - a +1 pair of gloves (worn)
 G - a +1 cloak of magic resistance (worn)
 X - a +1 plate armour of cold resistance (worn)
Jewellery
 k - a ring of ice (left hand)
 m - a +3 ring of intelligence
 s - an amulet of guardian spirit (around neck)
 K - a +5 ring of evasion (right hand)
 V - a +5 ring of intelligence
Wands
 d - a wand of digging (13/24)
 r - a wand of slowing (46/48)
 t - a wand of flame (33/48)
 u - a wand of polymorph (18/24)
 x - a wand of teleportation (0/9)
 y - a wand of random effects (27/48)
 B - a wand of paralysis (16/24)
 E - a wand of flame (18/48)
 J - a wand of digging (7/24)
 M - a wand of disintegration (7/24)
 N - a wand of disintegration (8/24)
 O - a wand of lightning (9/15)
 Q - a wand of disintegration (15/24)
 S - a wand of hasting (3/9)
 T - a wand of flame (16/48)
 U - a wand of flame (21/48)
Scrolls
 e - a scroll of recharging
 f - 11 scrolls of remove curse
 g - 3 scrolls of teleportation
 n - 13 scrolls of identify
 o - 4 scrolls of enchant weapon
 z - 3 scrolls of enchant armour
 C - a scroll of fog
 H - 2 scrolls of magic mapping
 L - 2 scrolls of blinking
Potions
 j - 4 potions of curing
 p - a potion of flight
 w - 2 potions of haste
 A - a potion of berserk rage
 D - a potion of cure mutation
 F - 2 potions of agility
 R - a potion of magic
Comestibles
 c - 7 bread rations
 h - 6 meat rations
 l - 4 beef jerkies
 v - 11 slices of pizza
 I - 15 fruits


   Skills:
 * Level 16.3 Fighting
 * Level 16.2 Axes
 + Level 11.7 Armour
 + Level 11.4 Dodging


You had 12 spell levels left.
You didn't know any spells.

Dungeon Overview and Level Annotations

Branches:
Dungeon (15/15)            Temple (0/1) D:6            Lair (0/6) D:11
    Orc (0/2) D:11         Vaults (0/5) D:14         Depths (0/5) D:15

Altars:
Ashenzari
Cheibriados
Dithmenos
Fedhas
Gozag
Makhleb
Ru
Sif Muna
Uskayaw
Vehumet
Zin
The Shining One

Shops:
D:7 *   D:10 [((   D:11 [   D:12 :

Portals:
Trove: D:12 (give 15 scrolls of teleportation)

Annotations:
D:15 Trampli's ghost, journeyman TrWr


Innate Abilities, Weirdness & Mutations

You reflexively headbutt those who attack you in melee.
You have a pair of horns on your head.


Message History

Trampli's ghost hits you.
* * * LOW HITPOINT WARNING * * *
You slash Trampli's ghost!
Trampli's ghost is moderately damaged.
Trampli's ghost completely misses you. You furiously retaliate!
You headbutt Trampli's ghost. You slice Trampli's ghost!!
Your headbutt misses Trampli's ghost.
Trampli's ghost is heavily damaged.
You completely miss Trampli's ghost. Your headbutt misses Trampli's ghost.
Trampli's ghost is heavily damaged.
Trampli's ghost misses you. You furiously retaliate!
You headbutt Trampli's ghost, but do no damage.
You slice Trampli's ghost!! Your headbutt misses Trampli's ghost.
Trampli's ghost is severely damaged.
You hit Trampli's ghost.
Trampli's ghost is severely damaged.
You are no longer berserk.
You are exhausted.
You feel yourself slow down. Trampli's ghost hits you!!
You die...

#.#.#.#. .#.#.#.## #.#.#.#.#
#### .#.#.#.######## #..
#.#.#)#.......# #.# ######
.#.#(#).......# #.# #......
#.#.#)#.......####.##.......
.#.#.#)............#.....≈.≈
#.#.#.#........W@......≈≈≈≈#
.#.#.#'...........##..§§#≈≈≈
#.#.#.#.......#.####..§§≈≈≈≈
.#.#.#.########.# #...§§≈C.
#.#.#.#.. ..# #..≈#≈≈.>
.#.#.#.### ##.# #..§≈≈≈..
#.#.# #.# ### #..≈≈§≈≈. .#.#
## #...§#≈.≈ .#


You could see Trampli's ghost.

Vanquished Creatures
  The ghost of balthal the Slinger, a journeyman OgAM of the Shining One (D:14)
  An ogre mage (D:15)
  5 vault guards (D:14)
  A centaur warrior (D:15)
  Sonja (D:12)
  2 unseen horrors
  Pikel (D:7)
  4 hill giants
  A deep elf mage (D:11)
  11 ugly things
  2 manticores (D:12)
  5 centaur zombies
  Psyche (D:11)
  2 gargoyles
  3 centaur skeletons
  4 kobold demonologists
  A yaktaur (shapeshifter) (D:15)
  2 tengu conjurers (D:13)
  A freezing wraith (D:14)
  3 meliai (D:14)
  3 two-headed ogres (D:15)
  2 trolls
  A dream sheep (D:11)
  A wolf spider simulacrum (D:14)
  9 slime creatures
  A hornet (D:10)
  A hippogriff (D:12)
  A shadow (D:13)
  3 water elementals (D:14)
  20 yaks
  A wyvern (D:9)
  A vampire (D:14)
  2 basilisks
  2 hungry ghosts (D:10)
  A water moccasin (D:5)
  6 porcupines (D:11)
  5 orc warriors
  2 eyes of draining
  2 black bears
  A phantom (D:5)
  A slave (D:7)
  7 ogres
  8 sky beasts
  3 ice beasts
  A necrophage (D:13)
  12 centaurs
  5 crocodiles
  22 big kobolds
  8 bullfrogs
  A wyvern zombie (D:9)
  4 scorpions
  8 killer bees
  8 wights
  2 electric eels (D:14)
  4 howler monkeys
  4 crimson imps
  2 bullfrog zombies (D:13)
  3 quasits
  2 jellies
  A bullfrog skeleton (D:12)
  6 orc priests
  Crazy Yiuf (D:6)
  3 hounds
  4 iguanas
  14 orc wizards
  8 worker ants
  4 mummies
  A worker ant zombie (D:8)
  7 gnolls
  9 adders
  2 river rats (D:11)
  3 shadow imps
  An ooze (D:1)
  4 adder zombies (Ossuary)
  4 adder skeletons
  2 worms
  4 dart slugs
  2 leopard geckos
  38 orcs
  4 giant cockroaches
  2 gnoll zombies (Ossuary)
  7 goblins
  5 hobgoblins
  40 kobolds
  7 quokkas
  2 ball pythons
  A ball python skeleton (D:5)
  4 bats
  3 frilled lizards
  4 goblin zombies (Ossuary)
  A hobgoblin zombie (Ossuary)
  A kobold zombie (Ossuary)
  A leopard gecko skeleton (D:4)
  An orc zombie (Ossuary)
  2 quokka skeletons
  A quokka zombie (Ossuary)
  9 rats
  4 rat zombies (Ossuary)
  A plant (D:11)
440 creatures vanquished.

Vanquished Creatures (collateral kills)
  A vault guard (D:14)
  4 hydras
  A centaur warrior (D:14)
  5 ugly things
  A cyclops (D:10)
  A troll (D:14)
  A dream sheep (D:11)
  A yak (D:11)
  A basilisk (D:11)
  2 crocodiles (D:11)
  A bullfrog (D:11)
  An orc wizard (D:9)
  A worker ant (D:14)
  An adder (D:9)
  A river rat (D:11)
  An orc (D:9)
  A rat (D:11)
25 creatures vanquished.

Vanquished Creatures (others)
  Frances (D:13)
  A bullfrog (D:7)
  A bullfrog zombie (D:7)
  A shadow imp (D:7)
  4 plants (D:11)
8 creatures vanquished.

Grand Total: 473 creatures vanquished

Notes
Turn   | Place    | Note
-------+----------+-------------------------------------------
     0 | D:1      | tognito the Minotaur Berserker began the quest for the Orb.
     0 | D:1      | Reached XP level 1. HP: 19/19 MP: 0/0
   156 | D:1      | Reached XP level 2. HP: 4/27 MP: 1/1
  1197 | D:2      | Reached XP level 3. HP: 24/33 MP: 2/2
  1520 | D:2      | Found a deep blue altar of Sif Muna.
  1523 | D:2      | Found a shattered altar of Ashenzari.
  1648 | D:2      | Reached ** piety under Trog
  1884 | D:3      | Found a glowing silver altar of Zin.
  1976 | D:3      | Reached XP level 4. HP: 32/41 MP: 3/3
  2105 | D:3      | Reached skill level 5 in Axes
  2323 | D:3      | Found a radiant altar of Vehumet.
  2485 | D:3      | Reached XP level 5. HP: 47/47 MP: 4/4
  2609 | D:4      | Reached skill level 5 in Fighting
  2673 | D:4      | Found a hide-covered altar of Uskayaw.
  2688 | D:4      | Reached XP level 6. HP: 54/56 MP: 5/5
  3193 | D:5      | Entered Level 5 of the Dungeon
  3270 | D:5      | Reached *** piety under Trog
  3449 | D:5      | Noticed a water moccasin
  3465 | D:5      | Killed a water moccasin
  3465 | D:5      | Reached XP level 7. HP: 46/64 MP: 6/6
  3816 | D:5      | Found a sacrificial altar of Ru.
  4090 | D:5      | Found a glowing golden altar of the Shining One.
  4317 | D:6      | Reached XP level 8. HP: 73/73 MP: 7/7
  4470 | D:6      | Found a burning altar of Makhleb.
  4470 | D:6      | Noticed a balrug
  4475 | D:6      | Noticed a hellwing
  4538 | D:6      | Found a snail-covered altar of Cheibriados.
  4617 | D:6      | Found a staircase to the Ecumenical Temple.
  4711 | D:6      | Found a runed door.
  4715 | D:6      | Noticed Crazy Yiuf
  4720 | D:6      | Killed Crazy Yiuf
  4977 | D:7      | Reached skill level 5 in Armour
  4977 | D:7      | Reached skill level 5 in Dodging
  5171 | D:7      | Found a shadowy altar of Dithmenos.
  5248 | D:7      | Noticed Pikel
  5275 | D:7      | Killed Pikel
  5275 | D:7      | Reached XP level 9. HP: 48/83 MP: 8/8
  5547 | D:7      | Found Peutupt's Assorted Antiques.
  5577 | D:7      | Reached **** piety under Trog
  6070 | D:8      | Reached skill level 10 in Fighting
  6071 | D:8      | Reached skill level 10 in Axes
  6294 | D:8      | Found a sand-covered staircase.
  6299 | Ossuary  | Entered an ossuary
  6648 | D:8      | Found an opulent altar of Gozag.
  6737 | D:8      | Reached ***** piety under Trog
  7304 | D:8      | Found a blossoming altar of Fedhas.
  7490 | D:9      | Reached XP level 10. HP: 91/94 MP: 9/9
  7709 | D:9      | Noticed a hill giant
  7719 | D:9      | Killed a hill giant
  8220 | D:10     | Entered Level 10 of the Dungeon
  8316 | D:10     | Found Hessawupn's Antique Weapon Emporium.
  8644 | D:10     | Noticed a gargoyle
  8666 | D:10     | Killed a gargoyle
  8694 | D:10     | Found Tez Bid's Armour Boutique.
  8952 | D:10     | Found Ugohevia's Weapon Emporium.
  9012 | D:10     | Noticed a hill giant
  9024 | D:10     | Killed a hill giant
  9817 | D:10     | Noticed a cyclops
  9831 | D:10     | Killed a cyclops
  9831 | D:10     | Reached XP level 11. HP: 90/105 MP: 7/10
  9839 | D:10     | Killed an unseen horror
  9997 | D:11     | Noticed a deep elf mage
 10008 | D:11     | Killed a deep elf mage
 10098 | D:11     | Found a staircase to the Lair.
 10099 | D:11     | Noticed a cyan ugly thing
 10113 | D:11     | Killed a cyan ugly thing
 10242 | D:11     | Found Wuquc's Armour Emporium.
 10294 | D:11     | Noticed Psyche
 10344 | D:11     | Noticed a three-headed hydra
 10355 | D:11     | Noticed a hill giant
 10361 | D:11     | Killed a two-headed hydra
 10369 | D:11     | Killed a hill giant
 10829 | D:11     | Found a staircase to the Orcish Mines.
 10994 | D:11     | Reached XP level 12. HP: 107/116 MP: 11/11
 11303 | D:11     | Killed Psyche
 11469 | D:12     | Noticed Sonja
 11490 | D:12     | Killed Sonja
 11821 | D:12     | Found a portal to a secret trove of treasure.
 12070 | D:12     | Found Olauzes's Book Shoppe.
 12180 | D:12     | Reached skill level 10 in Armour
 12382 | D:13     | Noticed Frances
 12396 | D:13     | Killed Frances
 12396 | D:13     | Reached skill level 10 in Dodging
 12679 | D:13     | Received a gift from Trog
 13299 | D:14     | Noticed a six-headed hydra
 13311 | D:14     | Killed a six-headed hydra
 13389 | D:14     | Noticed a vault guard
 13389 | D:14     | Noticed a vault guard
 13390 | D:14     | Noticed a vault guard
 13392 | D:14     | Noticed a vault guard
 13432 | D:14     | Killed a vault guard
 13432 | D:14     | Reached skill level 15 in Fighting
 13477 | D:14     | Killed a vault guard
 13637 | D:14     | Found a gate to the Vaults.
 13659 | D:14     | Reached XP level 13. HP: 126/126 MP: 10/12
 13664 | D:14     | Reached skill level 15 in Axes
 14068 | D:14     | Noticed balthal's ghost (journeyman OgAM)
 14091 | D:14     | Killed balthal's ghost
 15159 | D:15     | Entered Level 15 of the Dungeon
 15260 | D:15     | HP: 5/128 [centaur warrior/arrow (9)]
 16052 | D:15     | Found a staircase to the Depths.
 16052 | D:15     | Noticed a fire giant
 16059 | D:15     | Noticed Trampli's ghost (journeyman TrWr)
 16081 | D:15     | Slain by Trampli's ghost

Skill      XL: |  1  2  3  4  5  6  7  8  9 10 11 12 13 |
---------------+----------------------------------------+-----
Axes           | 4 5 6 7 9 10 12 13 14 16 | 16.2
Fighting       | 4 5 6 7 9 10 12 13 15 16 | 16.3
Dodging        | 3 4 5 6 7 9 10 11 | 11.4
Armour         | 3 4 5 7 8 9 10 11 | 11.7

Action                   |  1- 3 |  4- 6 |  7- 9 | 10-12 | 13-15 || total
-------------------------+-------+-------+-------+-------+-------++-------
Melee: Hand axe          |    91 |   121 |   369 |   483 |       ||  1064
       Headbutt          |    22 |    27 |    74 |   145 |    58 ||   326
       Battleaxe         |       |       |       |   174 |   243 ||   417
 Fire: Hand crossbow     |       |       |       |       |    40 ||    40
Invok: Berserk           |     1 |       |       |     3 |     2 ||     6
       Brothers in Arms  |       |       |       |    10 |     3 ||    13
       Trog's Hand       |       |       |       |     6 |       ||     6
       Burn Spellbooks   |       |       |       |     1 |       ||     1
Evoke: Wand              |       |       |     2 |     1 |     1 ||     4
  Use: Potion            |     3 |     6 |     3 |     3 |     1 ||    16
       Scroll            |       |     8 |     4 |     7 |     3 ||    22
 Stab: Sleeping          |     1 |       |       |       |       ||     1
       Distracted        |       |       |       |     1 |       ||     1
  Eat: Chunk             |     4 |     5 |    12 |    28 |     5 ||    54
       Pizza             |       |       |       |     2 |       ||     2
       Royal jelly       |       |       |       |     1 |       ||     1
       Beef jerky        |       |       |       |     1 |     1 ||     2
       Meat ration       |       |       |       |       |     1 ||     1
       Fruit             |       |       |       |       |     1 ||     1
Armor: Animal skin       |    23 |     1 |       |       |       ||    24
       Plate armour      |       |    74 |   232 |   384 |   108 ||   798
Dodge: Dodged            |    51 |    36 |   170 |   386 |   188 ||   831
